 Dungeon Crawl Stone Soup version 0.29.0-7-g18a832c13a (webtiles) character file.

Game seed: 14273008707526015080

4346 night the Martial Artist (level 10, -8/79 HPs)
             Began as a Demonspawn Monk on Aug 30, 2022.
             Was an Elder of Cheibriados.
             Mangled by a yak (11 damage)
             ... on level 9 of the Dungeon.
             The game lasted 00:18:21 (9684 turns).

night the Martial Artist (Demonspawn Monk)          Turns: 9684, Time: 00:18:21

Health: -8/79      AC: 11    Str: 23      XL:     10   Next: 12%
Magic:  16/16      EV: 11    Int: 21 (22) God:    Cheibriados [****..]
Gold:   452        SH: 13    Dex: 31      Spells: 9/9 levels left

rFire   . . .      SeeInvis .     - Unarmed
rCold   . . .      Faith    .   p - +0 kite shield
rNeg    . . .      Spirit   .   h - +0 scale mail
rPois   .          Reflect  .   (no helmet)
rElec   .          Harm     .   j - +1 cloak
rCorr   +          Rampage  .   (no gloves)
Will    .....                   n - +0 pair of boots
Stlth   ++........              u - amulet of magic regeneration
HPRegen 0.23/turn               f - +6 ring of dexterity
MPRegen 0.55/turn               C - ring of resist corrosion

@: mighty, invisible, very slow
A: claws 1, powered by pain 1, sharp scales 2
a: Renounce Religion, Bend Time, Temporal Distortion, Slouch


You were on level 9 of the Dungeon.
You worshipped Cheibriados.
Cheibriados was greatly pleased with you.
You visited 1 branch of the dungeon, and saw 9 of its levels.

You collected 595 gold pieces.
You spent 143 gold pieces at shops.

Inventory:

Hand Weapons
 b - a +0 sling of flaming
Missiles
 c - 20 poisoned darts (quivered)
 i - 76 stones
 w - a boomerang
 x - a throwing net
 B - 3 curare-tipped darts
Armour
 a - a +0 robe
 d - a +0 leather armour
 h - a +0 scale mail (worn)
 j - a +1 cloak (worn)
 n - a +0 pair of boots (worn)
 p - a +0 kite shield (worn)
Jewellery
 f - a +6 ring of dexterity (left claw)
 u - an amulet of magic regeneration (around neck)
 C - a ring of resist corrosion (right claw)
Wands
 k - a wand of iceblast (18)
 q - a wand of paralysis (11)
 F - a wand of flame (14)
Scrolls
 g - 2 scrolls of fear
 l - 2 scrolls of enchant weapon
 y - a scroll of magic mapping
 A - a scroll of fog
 G - a scroll of amnesia
 H - a scroll of identify
Potions
 e - 2 potions of lignification
 r - 2 potions of brilliance
 t - 3 potions of curing
 v - 2 potions of might
 z - a potion of cancellation {unknown}
 D - a potion of attraction {unknown}
 E - 3 potions of ambrosia


   Skills:
 + Level 7.5 Fighting
 - Level 2.7 Dodging
 - Level 1.8 Stealth
 + Level 4.9 Shields
 * Level 9.4 Unarmed Combat
 + Level 8.3 Invocations


You had 9 spell levels left.
You didn't know any spells.
Your spell library contained the following spells:

 Spells                   Type           Power      Damage    Failure   Level
 Foxfire                  Conj/Fire      0%         2x1d4     80%         1
 Sting                    Tmut/Pois      0%         1d3       80%         1
 Summon Small Mammal      Summ           0%         N/A       80%         1
 Call Canine Familiar     Summ           0%         N/A       99%         3
 Conjure Flame            Conj/Fire      0%         6-21      99%         3
 Inner Flame              Hex/Fire       0%         N/A       99%         3
 Summon Guardian Golem    Hex/Summ       0%         N/A       99%         3
 Flame Wave               Conj/Fire      0%         2d4       100%        4
 Fulminant Prism          Conj/Hex       0%         3d6       100%        4
 Iskenderun's Mystic Bla  Conj/Tloc      0%         2d3       100%        4
 Lee's Rapid Deconstruct  Erth           0%         3d5*      100%        5


Dungeon Overview and Level Annotations

Branches:
Dungeon (9/15)             Temple (0/1) D:6
   Lair: D:8-11         Orc: D:9-12

Altars:
Cheibriados
Dithmenos
Fedhas
Gozag
Hepliaklqana
Kikubaaqudgha
Makhleb
Nemelex Xobeh
Qazlal
Sif Muna
Uskayaw
Vehumet
Wu Jian
Yredelemnul

Shops:
D:3 !

Annotations:
D:9 exclusion: orange crystal statue, Maurice


Innate Abilities, Weirdness & Mutations

You have sharp fingernails.
You sometimes gain a little power by taking damage.
You are mostly covered in razor-sharp scales. (AC +2, Slay +2)


Message History

The stone hits the yak but does no damage.
You block the yak's attack.
Okay, then.
You miss the bullfrog. The bullfrog completely misses you.
You block the yak's attack. You block the bullfrog's attack.
You catch the helpless bullfrog completely off-guard!
You mangle the bullfrog!!
You kill the bullfrog!
Cheibriados appreciates the change of pace.
You block the yak's attack.
You closely miss the orc. You block the orc's attack.
An orc comes into view. It is wielding a +0 mace.
The yak closely misses you.
The orc shouts!
You scratch the orc but do no damage.
You hear a shout!
You block the yak's attack.
You hear a roar!
A centaur, a kobold brigand and an orc come into view.
The kobold brigand is wielding a +4 dagger of distortion and quivering poisoned darts.
The kobold brigand closely misses you. You block the kobold brigand's attack.
The yak gores you!
* * * LOW HITPOINT WARNING * * *
The orc hits you but does no damage.
The orc moves out of view.
Items here: ( ) [[ ††††.
You mangle the orc!!
You kill the orc!
Cheibriados thoroughly appreciates the change of pace.
The centaur wields a +0 shortbow.
The centaur shoots an arrow.
The arrow hits the kobold brigand!
The centaur shoots an arrow.
The arrow barely misses the kobold brigand.
The arrow hits you.
* * * LOW HITPOINT WARNING * * *
The wight throws a stone.
The stone hits the yak but does no damage.
The kobold brigand hits you but does no damage.
Space warps around you.
* * * LOW HITPOINT WARNING * * *
The yak gores you!
You die...

..# #. ..#
.# #.# ..#
#c# #.#
..# #.#
#.# ..#
#.# #.#
..# #.#
#.# ..#
#o###z#
..# #K#Y#
..# #@##
..# #)#.#
..# #o#
#.#
..########
## ##
Y.........
##........
#........
.........
...#8h8#..


You could see a yak (unable to see you), a kobold brigand (unable to see you), a
centaur (unable to see you), a wight (unable to see you) and 2 orcs.

Vanquished Creatures
  A cyclops (D:9)
  A wraith (D:9)
  A yak (D:9)
  A human (D:8)
  2 acid dragons (D:9)
  2 water moccasins (D:6)
  Duvessa (D:5)
  2 sky beasts
  An orc warrior (D:4)
  2 ice beasts
  2 ogres
  2 phantoms
  2 centaurs
  4 kobold brigands
  Blork the orc (D:5)
  6 bullfrogs
  2 necrophages
  A gnoll sergeant (D:6)
  Dowan (D:5)
  4 wights
  4 killer bees (D:8)
  3 hounds
  A gnoll bouda (D:4)
  2 jellies
  2 orc priests
  2 iguanas (D:5)
  4 orc wizards
  6 adders
  12 gnolls
  2 shadow imps
  2 white imps
  An ufetubus (D:6)
  A worm (D:2)
  3 dart slugs
  16 orcs
  10 ball pythons
  6 bats
  5 endoplasms
  4 giant cockroaches
  11 hobgoblins
  8 quokkas
  2 frilled lizards (D:1)
  12 goblins
  18 kobolds
  A kobold skeleton (D:8)
  A kobold zombie (D:8)
  3 rats
181 creatures vanquished.

Notes
Turn   | Place    | Note
-------+----------+-------------------------------------------
     0 | D:1      | night the Demonspawn Monk began the quest for the Orb.
     0 | D:1      | Reached XP level 1. HP: 18/18 MP: 1/1
   343 | D:1      | Reached skill level 3 in Unarmed Combat
   430 | D:1      | Gained mutation: You are partially covered in razor-sharp
                  | scales. (AC +1, Slay +1) [demonic ancestry]
   430 | D:1      | Reached XP level 2. HP: 24/24 MP: 2/2
  1402 | D:2      | Reached XP level 3. HP: 29/29 MP: 3/3
  1775 | D:2      | Gained mutation: You have sharp fingernails. [demonic
                  | ancestry]
  1775 | D:2      | Reached XP level 4. HP: 37/37 MP: 4/4
  1781 | D:2      | Reached skill level 4 in Unarmed Combat
  1970 | D:2      | Found a faded altar of an unknown god.
  2352 | D:3      | Found a snail-covered altar of Cheibriados.
  2357 | D:3      | Became a worshipper of Cheibriados the Contemplative
  2357 | D:3      | Reached * piety under Cheibriados
  2357 | D:3      | Reached ** piety under Cheibriados
  2405 | D:3      | Found Tokanij's Distillery.
  2413 | D:3      | Bought a potion of invisibility for 104 gold pieces
  2413 | D:3      | Bought a potion of curing for 39 gold pieces
  2609 | D:3      | Found a sparkling altar of Nemelex Xobeh.
  2832 | D:4      | Noticed an ogre
  2850 | D:4      | Killed an ogre
  2851 | D:4      | Reached skill level 1 in Invocations
  2851 | D:4      | Gained mutation: You are mostly covered in razor-sharp
                  | scales. (AC +2, Slay +2) [demonic ancestry]
  2851 | D:4      | Reached XP level 5. HP: 20/42 MP: 4/6
  3032 | D:4      | Noticed an orc warrior
  3041 | D:4      | Reached skill level 2 in Invocations
  3043 | D:4      | Killed an orc warrior
  3044 | D:4      | Reached skill level 5 in Unarmed Combat
  3044 | D:4      | Reached XP level 6. HP: 49/49 MP: 6/8
  3092 | D:4      | HP: 5/49 [poisoned by a gnoll]
  3331 | D:4      | HP: 7/49 [poisoned by a gnoll]
  3336 | D:4      | HP: 4/49 [poisoned by a gnoll]
  3652 | D:4      | Found a stormy altar of Qazlal.
  3678 | D:4      | Reached *** piety under Cheibriados
  3726 | D:4      | Noticed a sky beast
  3741 | D:4      | Killed a sky beast
  3742 | D:4      | Reached XP level 7. HP: 28/55 MP: 9/9
  4061 | D:4      | Reached skill level 5 in Fighting
  4485 | D:4      | Found a shadowy altar of Dithmenos.
  4494 | D:4      | Found a hide-covered altar of Uskayaw.
  4494 | D:4      | Found an ornate altar of the Wu Jian Council.
  4497 | D:4      | Found a blossoming altar of Fedhas.
  4498 | D:4      | Found a hazy altar of Hepliaklqana.
  4535 | D:4      | Reached skill level 6 in Unarmed Combat
  4758 | D:5      | Entered Level 5 of the Dungeon
  4936 | D:5      | Noticed Duvessa
  4936 | D:5      | Noticed Dowan
  4945 | D:5      | Killed Duvessa
  4946 | D:5      | Reached skill level 1 in Shields
  4952 | D:5      | Killed Dowan
  5203 | D:5      | Reached **** piety under Cheibriados
  5349 | D:5      | Reached skill level 5 in Invocations
  5349 | D:5      | Reached XP level 8. HP: 63/63 MP: 11/11
  5519 | D:5      | Noticed Blork the orc
  5527 | D:5      | Killed Blork the orc
  5679 | D:5      | Reached skill level 2 in Shields
  5806 | D:6      | Found a radiant altar of Vehumet.
  5806 | D:6      | Found an ancient bone altar of Kikubaaqudgha.
  5808 | D:6      | Found a shimmering blue altar of Sif Muna.
  5816 | D:6      | Got Sif Muna's Dissertation on Transformation
  5899 | D:6      | Found an opulent altar of Gozag.
  6132 | D:6      | Reached skill level 7 in Unarmed Combat
  6151 | D:6      | HP: 9/64 [poisoned by a water moccasin]
  6157 | D:6      | HP: 5/64 [poisoned by a water moccasin]
  6161 | D:6      | HP: 2/64 [poisoned by a water moccasin]
  7181 | D:6      | Found a staircase to the Ecumenical Temple.
  7555 | D:7      | Reached XP level 9. HP: 70/70 MP: 13/13
  7667 | D:7      | Reached skill level 8 in Unarmed Combat
  7958 | D:7      | Found a burning altar of Makhleb.
  8310 | D:8      | Found a runed translucent door.
  8364 | D:8      | Found a basalt altar of Yredelemnul.
  8521 | D:8      | Reached ***** piety under Cheibriados
  8755 | D:8      | HP: 10/71 [poisoned by a kobold brigand]
  9562 | D:9      | Noticed a cyclops
  9569 | D:9      | Killed a cyclops
  9570 | D:9      | Reached skill level 9 in Unarmed Combat
  9631 | D:9      | Noticed an orange crystal statue
  9643 | D:9      | Noticed Maurice
  9659 | D:9      | Gained mutation: You sometimes gain a little power by
                  | taking damage. [demonic ancestry]
  9659 | D:9      | Reached XP level 10. HP: 21/79 MP: 16/16
  9663 | D:9      | HP: 9/79 [acid dragon/splash of acid (13)]
  9675 | D:9      | HP: 10/79 [yak (4)]
  9676 | D:9      | HP: 4/79 [bullfrog (7)]
  9684 | D:9      | HP: 8/79 [centaur/arrow (5)]
  9684 | D:9      | HP: 3/79 [kobold brigand/+4 dagger of distortion (5)]
  9684 | D:9      | Mangled by a yak

Illustrated notes

Levels and vault maps discovered:
D:1:      lightli_arrival_chessboard, layout_basic
D:2:      layout_rooms, basic_ecumenical_altar, chequers_serial_rivers_micro_e
D:3:      layout_basic, lemuel_doored_altar, nemelex_spade_bored_becter,
          serial_shops, shop
D:4:      layout_gridville, nicolae_qazlal_general_emergency, minitemple,
          minmay_ogre_servants
D:5:      layout_basic, st_stairs_14, minmay_strange_pillars,
          uniq_blork_the_orc, uniq_duvessa
D:6:      layout_basic, grunt_temple_overflow_magic_moments,
          grunt_gozag_statues, temple_green
D:7:      layout_loops_ring, lightli_temple_of_fire
D:8:      layout_loops_cross, dk_yredelemnul_ordeal
D:9:      minmay_imperfect_grid, layout_irregular_city, david_lair_shrubbed,
          minmay_statue_bubble, uniq_maurice

Skill      XL: |  1  2  3  4  5  6  7  8  9 |
---------------+----------------------------+-----
Unarmed Combat | 3 4 5 6 7 9 |  9.4
Fighting       | 4 5 6 7 |  7.5
Invocations    | 1 2 3 5 6 8 |  8.3
Shields        | 1 3 4 |  4.9
Dodging        | |  2.7
Stealth        | |  1.8

Action                   |  1- 3 |  4- 6 |  7- 9 | 10-12 || total
-------------------------+-------+-------+-------+-------++-------
Melee: Unarmed           |   148 |   124 |   312 |    21 ||   605
       Punch             |     5 |     4 |     4 |       ||    13
 Fire: Sling             |       |     8 |     9 |       ||    17
Throw: Dart              |       |     2 |     4 |       ||     6
Invok: Bend Time         |       |       |     1 |       ||     1
       Slouch            |       |       |     3 |       ||     3
Evoke: Wand              |       |     2 |     3 |       ||     5
  Use: Scroll            |       |     7 |     8 |       ||    15
       Potion            |       |     1 |     1 |     4 ||     6
 Stab: Sleeping          |     2 |       |     2 |       ||     4
       Invisible         |       |       |       |     1 ||     1
Armor: Robe              |     4 |       |       |       ||     4
       Scale mail        |    53 |    53 |   101 |    12 ||   219
       Leather armour    |     1 |       |       |       ||     1
Dodge: Dodged            |    70 |    71 |    84 |    13 ||   238
Block: Kite shield       |       |       |   155 |    29 ||   184
